 Dungeon Crawl Stone Soup version 0.24.1-5-g77f818bfca (console) character file.

Game seed: 11309093004532624541, levelgen mode: deterministic

14290 asdu the Fighter (level 11, -1/108 HPs)
             Began as a Minotaur Hunter on Apr 24, 2020.
             Was a High Priest of Okawaru.
             Slain by a phantasmal warrior (13 damage)
             ... led by a death knight
             ... on level 12 of the Dungeon on Apr 25, 2020.
             The game lasted 00:56:44 (14151 turns).

asdu the Fighter (Minotaur Hunter)                 Turns: 14151, Time: 00:56:45

Health: -1/108     AC: 20    Str: 20    XL:     11   Next: 86%
Magic:  13/14      EV: 11    Int:  7    God:    Okawaru [*****.]
Gold:   616        SH:  0    Dex: 11    Spells: 10/10 levels left

rFire    . . .     SeeInvis +   e - +1 shortbow (flame)
rCold    . . .     Gourm    .   (shield currently unavailable)
rNeg     . . .     Faith    .   E - +0 plate armour
rPois    .         Spirit   .   o - +0 hat {Int+3}
rElec    .         Reflect  .   n - +0 cloak
rCorr    .         Harm     .   b - +1 pair of gloves
MR       .....                  (no boots)
Stlth    ..........             K - amulet of rage
HPRegen  0.28/turn              i - ring of see invisible
MPRegen  0.14/turn              A - ring of protection from magic

@: vulnerable, heroism
A: retaliatory headbutt, horns 2, dopey 2, low mp 1
a: Heroism, Finesse, Renounce Religion, Evoke Berserk Rage


You were on level 12 of the Dungeon.
You worshipped Okawaru.
Okawaru was extremely pleased with you.
You were not hungry.

You visited 1 branch of the dungeon, and saw 12 of its levels.
You visited the Abyss 1 time.

You collected 766 gold pieces.
You spent 150 gold pieces at shops.

Inventory:

Hand Weapons
 e - a +1 shortbow of flaming (weapon)
 q - a +2 dagger of protection
 v - the +7 mace of Variability {chain chaos}
   (You found it on level 4 of the Dungeon)

   Each time it hits an enemy it has a different, random effect.
 w - a +2 dire flail
 U - a +1 shortbow
Missiles
 d - 178 arrows (quivered)
 g - 49 poisoned darts
 y - a throwing net
Armour
 b - a +1 pair of gloves (worn)
 n - a +0 cloak (worn)
 o - a +0 hat of intelligence (worn)
 E - a +0 plate armour (worn)
 G - a +2 robe of resistance
Jewellery
 i - a ring of see invisible (left hand)
 A - a ring of protection from magic (right hand)
 K - an amulet of rage (around neck)
Wands
 C - a wand of iceblast (5)
 O - a wand of paralysis (8)
 Q - a wand of polymorph (7)
 T - a wand of digging (3)
 Y - a wand of flame (28)
Scrolls
 a - 2 scrolls of magic mapping
 h - 3 scrolls of identify
 l - 9 scrolls of remove curse
 p - a scroll of vulnerability {unknown}
 u - 2 scrolls of teleportation {unknown}
 x - a scroll of fog {unknown}
 z - a scroll of amnesia {unknown}
 B - a scroll of silence {unknown}
 D - a scroll of fear {unknown}
 H - 2 scrolls of noise {unknown}
 L - a scroll of acquirement {unknown}
 N - 2 scrolls of enchant armour {unknown}
 V - a scroll of blinking {unknown}
 W - a scroll of random uselessness {unknown}
 X - a scroll of torment {unknown}
Potions
 c - 2 potions of haste
 j - 2 potions of might
 k - 2 potions of flight
 m - a potion of mutation {unknown}
 r - a potion of degeneration {unknown}
 t - 2 potions of heal wounds
 I - a potion of brilliance {unknown}
 J - a potion of berserk rage {unknown}
 M - 3 potions of agility
 P - 3 potions of curing
 R - 2 potions of cancellation {unknown}
 S - a potion of resistance {unknown}
 Z - 3 potions of invisibility {unknown}
Miscellaneous
 F - a lamp of fire
Comestibles
 f - 19 rations


   Skills:
 + Level 13.7(18.7) Fighting
 + Level 0.3(5.3) Maces & Flails
 - Level 11.1(16.1) Bows
 + Level 7.9(12.9) Armour
 + Level 5.3(10.3) Dodging
 - Level 0.7(5.7) Stealth
 - Level 8.3 Invocations
 - Level 3.0 Evocations


You had 10 spell levels left.
You didn't know any spells.
Your spell library contained the following spells:

 Spells                   Type           Power        Failure   Level  Hunger
 Animate Skeleton         Necr           N/A          99%         1    ##.....
 Pain                     Necr           #...         99%         1    ##.....
 Ensorcelled Hibernation  Hex/Ice        #.....       100%        2    ###....
 Regeneration             Chrm/Necr      #.........   100%        3    ####...
 Summon Guardian Golem    Hex/Summ       #.......     100%        3    ####...
 Vampiric Draining        Necr           #.........   100%        3    ####...
 Animate Dead             Necr           N/A          100%        4    #####..
 Sticky Flame             Conj/Fire      #.......     100%        4    #####..
 Bolt of Fire             Conj/Fire      #.........   100%        6    #######


Dungeon Overview and Level Annotations

Branches:
Dungeon (12/15)            Temple (0/1) D:6            Lair (0/6) D:10
    Orc (0/2) D:9

Altars:
Dithmenos
Elyvilon
Fedhas
Gozag
Okawaru
Ru
Sif Muna
Trog
Vehumet
Xom
Yredelemnul
The Shining One

Shops:
D:4 *   D:5 ((*


Innate Abilities, Weirdness & Mutations

You reflexively headbutt those who attack you in melee.
You have a pair of horns on your head.
You are very dopey. (Int -4)
Your magical capacity is low. (-10% MP)


Message History

You shoot an arrow.
The arrow barely misses the phantasmal warrior.
The phantasmal warrior hits you!!
* * * LOW HITPOINT WARNING * * *
You pass through the gate.
Welcome back to the Dungeon!
The orc wizard shouts!
The wizard shouts, "Entram moth deg ulag!"
The wizard casts a spell.
The wizard flickers and vanishes for a moment.
The wizard points at you and mumbles some strange words.
The stone arrow hits you!
* * * LOW HITPOINT WARNING * * *
Things that are here:
a +0 plate armour; a +0 war axe You feel much better.
The phantasmal warrior hits you!
* * * LOW HITPOINT WARNING * * *
Okay, then.
The phantasmal warrior hits you!
You die...

### #####.# .# ......#
.?# #####.# ... #.# #.#
### #.# #.# ..# #.# #.# #
..###'###########.##.####
................@p.o.....
.......##########W##.###
.......##########.#
...<........)))...#
################..# #..#
#..# ...# ##.#


You could see a phantasmal warrior, a wizard (invisible) and an orc wizard.

Vanquished Creatures
  A tentacled starspawn (Abyss:2)
  A two-headed ogre (D:11)
  A glowing orange brain (Abyss:2)
  Pikel (D:6)
  2 cyclopes
  Maurice (D:10)
  2 gargoyles
  A troll (D:8)
  4 hippogriffs
  Prince Ribbit (D:5)
  2 shadows (D:12)
  A spriggan (D:11)
  A wraith (D:11)
  9 yaks
  A neqoxec (Abyss:2)
  A hungry ghost (D:7)
  Menkaure (D:5)
  4 small abominations (Abyss:2)
  2 slaves (D:6)
  6 orc warriors
  2 ice beasts
  2 black bears
  4 phantoms
  2 sky beasts
  6 ogres
  A centaur (D:9)
  A crocodile (D:11)
  3 big kobolds
  10 bullfrogs
  3 scorpions
  3 killer bees (D:8)
  4 wights (D:11)
  7 howler monkeys
  6 crimson imps
  8 hounds
  2 jellies
  2 quasits
  5 orc priests
  A bullfrog zombie (D:11)
  14 orc wizards
  A bullfrog skeleton (D:10)
  2 centaur skeletons
  5 iguanas
  11 worker ants
  A worker ant zombie (D:11)
  9 gnolls
  2 howler monkey skeletons
  9 adders
  4 shadow imps
  An adder skeleton (D:9)
  A worm (D:4)
  2 dart slugs
  2 leopard geckos
  35 orcs
  2 ball pythons (D:3)
  7 bats
  5 giant cockroaches
  6 goblins
  9 hobgoblins
  9 jackals
  A quokka (D:7)
  5 frilled lizards
  22 kobolds
  A leopard gecko skeleton (D:5)
  3 rats
  A starspawn tentacle (Abyss:2)
285 creatures vanquished.

Vanquished Creatures (others)
  A vampire (D:11)
  3 starspawn tentacles (Abyss:2)
4 creatures vanquished.

Grand Total: 289 creatures vanquished

Notes
Turn   | Place    | Note
-------+----------+-------------------------------------------
     0 | D:1      | asdu the Minotaur Hunter began the quest for the Orb.
     0 | D:1      | Reached XP level 1. HP: 18/18 MP: 0/0
   132 | D:1      | Reached skill level 3 in Fighting
   132 | D:1      | Reached XP level 2. HP: 23/26 MP: 1/1
   725 | D:1      | Reached skill level 5 in Bows
   725 | D:1      | Reached XP level 3. HP: 25/31 MP: 2/2
  1458 | D:2      | Reached skill level 4 in Fighting
  1790 | D:3      | Reached XP level 4. HP: 41/41 MP: 3/3
  1828 | D:3      | Found a sacrificial altar of Ru.
  2112 | D:3      | Reached XP level 5. HP: 44/47 MP: 4/4
  2184 | D:3      | Reached skill level 5 in Fighting
  2462 | D:3      | Found a shadowy altar of Dithmenos.
  2462 | D:3      | Found a bloodstained altar of Trog.
  2464 | D:3      | Found an iron altar of Okawaru.
  2853 | D:4      | Reached XP level 6. HP: 52/57 MP: 5/5
  2885 | D:4      | Found Ycebrat's Assorted Antiques.
  2894 | D:4      | Bought a pair of runed gloves for 150 gold pieces
  3096 | D:4      | Found a radiant altar of Vehumet.
  3189 | D:4      | Found the +7 mace of Variability {chain chaos}
  3319 | D:4      | Reached skill level 1 in Armour
  3325 | D:4      | Found a basalt altar of Yredelemnul.
  3353 | D:3      | Became a worshipper of Warmaster Okawaru
  3508 | D:3      | Reached skill level 6 in Fighting
  3822 | D:5      | Entered Level 5 of the Dungeon
  3822 | D:5      | Found Jead Gept's General Store.
  3891 | D:5      | Found a white marble altar of Elyvilon.
  4064 | D:5      | Noticed Menkaure
  4075 | D:5      | Killed Menkaure
  4075 | D:5      | Reached * piety under Okawaru
  4075 | D:5      | Reached XP level 7. HP: 12/64 MP: 6/6
  4474 | D:5      | Reached skill level 1 in Invocations
  4731 | D:5      | Reached skill level 7 in Fighting
  4738 | D:5      | Noticed Prince Ribbit
  4841 | D:5      | Found Eciditimn's Antique Weapon Emporium.
  4920 | D:5      | Found Soih's Weapon Shop.
  5033 | D:5      | Reached XP level 8. HP: 73/73 MP: 8/8
  5107 | D:5      | Reached ** piety under Okawaru
  5721 | D:6      | Reached skill level 8 in Fighting
  5909 | D:6      | Identified the Tome of Enchantment and the Arsonist
  5981 | D:6      | Found a glowing golden altar of the Shining One.
  6129 | D:6      | Found a staircase to the Ecumenical Temple.
  6130 | D:6      | Noticed Pikel
  6458 | D:6      | Killed Pikel
  6458 | D:6      | Reached *** piety under Okawaru
  6458 | D:6      | Reached skill level 9 in Fighting
  6458 | D:6      | Reached XP level 9. HP: 35/83 MP: 11/11
  6757 | D:7      | Found a white marble altar of Elyvilon.
  6822 | D:7      | Reached skill level 5 in Armour
  7180 | D:8      | Reached **** piety under Okawaru
  7209 | D:7      | Reached skill level 10 in Fighting
  7209 | D:7      | Reached skill level 10 in Bows
  7421 | D:7      | Found an opulent altar of Gozag.
  8083 | D:8      | Got a faintly glowing granite ring
  8095 | D:8      | Found a shimmering altar of Xom.
  8442 | D:8      | Found a blossoming altar of Fedhas.
  8493 | D:9      | Found a staircase to the Orcish Mines.
  8493 | D:9      | Noticed a cyclops
  8526 | D:9      | Identified the ring "Effid" {*Contam rF+ rC- rN+++ AC+6}
                  | (You found it on level 8 of the Dungeon)
  8743 | D:8      | Received a gift from Okawaru
  8762 | D:8      | Reached skill level 1 in Evocations
  8762 | D:8      | Reached XP level 10. HP: 70/94 MP: 12/12
  9514 | D:9      | Killed a cyclops
  9514 | D:9      | Received a gift from Okawaru
  9860 | D:9      | Found a shimmering blue altar of Sif Muna.
  9938 | D:9      | Received a gift from Okawaru
 10039 | D:10     | Entered Level 10 of the Dungeon
 10069 | D:10     | Found a staircase to the Lair.
 10186 | D:10     | Reached skill level 11 in Fighting
 10194 | D:10     | Received a gift from Okawaru
 10215 | D:10     | Found a blossoming altar of Fedhas.
 10389 | D:10     | Noticed a gargoyle
 10400 | D:10     | Killed a gargoyle
 10400 | D:10     | Reached ***** piety under Okawaru
 10400 | D:10     | Reached skill level 5 in Invocations
 10419 | D:10     | Received a gift from Okawaru
 10635 | D:10     | Found a white marble altar of Elyvilon.
 10644 | D:10     | Noticed Maurice
 10658 | D:10     | Killed Maurice
 10744 | D:10     | Reached skill level 12 in Fighting
 11543 | D:11     | Received a gift from Okawaru
 11543 | D:11     | Reached XP level 11. HP: 104/104 MP: 14/14
 12215 | D:11     | Noticed a two-headed ogre
 12645 | D:11     | Received a gift from Okawaru
 12698 | D:11     | Killed a two-headed ogre
 12698 | D:11     | Reached skill level 13 in Fighting
 12988 | D:5      | Killed Prince Ribbit
 13535 | D:12     | Noticed a wizard
 13539 | D:12     | Cast into level 2 of the Abyss (a wizard)
 13547 | Abyss:2  | Found a corrupted altar of Lugonu.
 13578 | Abyss:2  | Noticed a lich
 13586 | Abyss:2  | Noticed a glowing orange brain
 13600 | Abyss:2  | Killed a glowing orange brain
 13620 | Abyss:2  | Noticed a tentacled starspawn
 13632 | Abyss:2  | Killed a tentacled starspawn
 13632 | Abyss:2  | Reached skill level 5 in Dodging
 13697 | Abyss:2  | Noticed a blizzard demon
 13702 | Abyss:2  | Gained mutation: You are dopey. (Int -2) [a neqoxec]
 13704 | Abyss:2  | Gained mutation: Your magical capacity is low. (-10% MP) [a
                  | neqoxec]
 13721 | Abyss:2  | Gained mutation: You are very dopey. (Int -4) [a neqoxec]
 13927 | Abyss:2  | Noticed a spatial maelstrom
 14119 | Abyss:2  | Noticed a phantasmal warrior
 14122 | Abyss:2  | Noticed a wretched star
 14149 | D:12     | Escaped the Abyss
 14149 | D:12     | HP: 2/108 [wizard/stone arrow (10)]
 14151 | D:12     | Slain by a phantasmal warrior

Levels and vault maps discovered:
D:1:      minmay_arrival_doors, layout_loops_ring
D:2:      layout_basic
D:3:      layout_basic, old_standard_altar, nicolae_overflow_hidden_temple
D:4:      layout_cave_pools, old_standard_altar, lemuel_doored_altar,
          serial_shops, shop
D:5:      layout_layer_cave, overflow_temple_1_default, serial_shops, shop,
          shop_statue, shop, first_ration, minmay_fractal_squares_gapless_5,
          uniq_prince_ribbit1, uniq_menkaure
D:6:      cheibrodos_thug_alley, layout_basic, lemuel_round_altar,
          minmay_temple_entry_mist, minivault_11, uniq_pikel
D:7:      layout_loops_ring, grunt_gozag_breadcrumbs, basic_altar
D:8:      layout_basic, marbit_many_paths, xom_teletrap_fun
D:9:      layout_rooms, led_sif_pool
D:10:     layout_irregular_city, lair_entry_dummy, basic_altar, fedhas_altar_2,
          uniq_maurice
D:11:     layout_roguey, grunt_pizzeria
D:12:     layout_basic, ebering_ghost_gozag, minmay_misc_feat_chi,
          minmay_shop_enchanted_jewellery, trog_ov_bears_minmay

Skill      XL: |  1  2  3  4  5  6  7  8  9 10 11 |
---------------+----------------------------------+-----
Fighting       | 3 4 5 6 7 9 10 12 13 | 13.7
Bows           | 5 6 7 9 10 11 | 11.1
Armour         | 2 3 4 7 |  7.9
Invocations    | 2 4 6 8 |  8.3
Evocations     | 1 3 |  3.0
Dodging        | 4 5 |  5.3
Maces & Flails | |  0.3
Stealth        | |  0.7

Action                   |  1- 3 |  4- 6 |  7- 9 | 10-12 || total
-------------------------+-------+-------+-------+-------++-------
Melee: Short sword       |   100 |       |       |       ||   100
       Headbutt          |    13 |    16 |    60 |    95 ||   184
       Flail             |       |   100 |    52 |       ||   152
       Great mace        |       |     4 |     2 |    12 ||    18
       Morningstar       |       |       |   265 |   253 ||   518
       Dire flail        |       |       |       |   140 ||   140
 Fire: Shortbow          |    10 |    34 |    80 |   158 ||   282
Throw: Stone             |       |       |       |     1 ||     1
Invok: Heroism           |       |       |       |     6 ||     6
Evoke: Wand              |       |       |       |     1 ||     1
  Use: Scroll            |       |       |     5 |     4 ||     9
       Potion            |       |       |       |     4 ||     4
  Eat: Chunk             |     3 |     7 |    17 |    16 ||    43
       Ration            |       |       |       |     1 ||     1
Armor: Leather armour    |    13 |       |       |       ||    13
       Ring mail         |    24 |    14 |       |       ||    38
       Chain mail        |       |    45 |    33 |       ||    78
       Plate armour      |       |       |   224 |   364 ||   588
Dodge: Dodged            |    77 |    72 |   135 |   245 ||   529
